 Dungeon Crawl Stone Soup version 0.29.0-4-gdea44cf6ec (webtiles) character file.

Game seed: 2944002417028570087

3 qw the Sneak (level 1, 0/14 HPs)
             Began as a Ghoul Enchanter on Sept 8, 2022.
             Slain by a ball python (1 damage)
             ... on level 1 of the Dungeon.
             The game lasted 00:00:06 (288 turns).

qw the Sneak (Ghoul Enchanter)                       Turns: 288, Time: 00:00:07

Health: 0/14       AC:  2    Str: 11    XL:     1   Next: 50%
Magic:  2/2        EV:  9    Int: 10    God:
Gold:   22         SH:  0    Dex:  9    Spells: 3/3 levels left

rFire   . . .      SeeInvis .   a - +1 dagger
rCold   + . .      Faith    .   (no shield)
rNeg    + + +      Spirit   .   b - +0 robe
rPois   inf        Reflect  .   (no helmet)
rElec   .          Harm     .   (no cloak)
rCorr   .          Rampage  .   (no gloves)
Will    .....                   (no boots)
Stlth   ++........              (no amulet)
HPRegen 0.00/turn               (no ring)
MPRegen 0.08/turn               (no ring)

@: inhibited regen, constricted
A: claws 1, cold resistance 1, negative energy resistance 3, inhibited
regeneration, torment resistance 2, devour on kill
a: no special abilities


You were on level 1 of the Dungeon.
You visited 1 branch of the dungeon, and saw 1 of its levels.

You collected 22 gold pieces.


Innate Abilities, Weirdness & Mutations

You are immune to poison.
You have sharp fingernails.
Your flesh is cold resistant. (rC+)
You are immune to negative energy. (rN+++)
You do not regenerate when monsters are visible.
You are immune to unholy pain and torment.
You thrive by killing the living.


   Skills:
 - Level 0.8 Short Blades
 + Level 0.8 Axes
 - Level 1.7 Dodging
 - Level 3.2 Stealth
 - Level 1.7 Spellcasting
 - Level 2.4 Hexes


You had 3 spell levels left.
You didn't know any spells.
Your spell library contained the following spells:

 Spells                   Type           Power      Damage    Failure   Level
 Ensorcelled Hibernation  Hex/Ice        6%         N/A       30%         2
 Confusing Touch          Hex            5%         N/A       34%         3
 Tukima's Dance           Hex            5%         N/A       34%         3
 Dazzling Flash           Conj/Hex       6%         N/A       52%         3

Inventory:

Hand Weapons
 a - a +1 dagger (weapon)
Armour
 b - a +0 robe (worn)
 f - a +1 pair of gloves
Jewellery
 h - an amulet of regeneration
Scrolls
 d - a scroll of enchant armour {unknown}
 g - a scroll of identify {unknown}
Potions
 c - 2 potions of invisibility
 e - a potion of curing {unknown}

Dungeon Overview and Level Annotations

Branches:
Dungeon (1/15)

Altars:


Message History

A hobgoblin comes into view.
The hobgoblin shouts!
You hear a shout!
You hear an angry hiss.
You hear a shout!
A ball python comes into view.
The ball python hisses angrily.
You barely miss the hobgoblin.
The hobgoblin hits you but does no damage.
You barely miss the hobgoblin. The hobgoblin misses you.
You barely miss the hobgoblin. The hobgoblin misses you.
A ball python comes into view.
You hit the hobgoblin.
The hobgoblin is severely wounded.
The hobgoblin hits you.
You hit the hobgoblin but do no damage.
The hobgoblin is severely wounded.
The hobgoblin hits you.
You barely miss the hobgoblin.
The hobgoblin is severely wounded.
The hobgoblin barely misses you.
You hit the hobgoblin.
You kill the hobgoblin!
You completely miss the ball python. The ball python closely misses you.
The ball python misses you. The ball python bites you.
The ball python grabs you. The ball python constricts you.
You closely miss the ball python.
The ball python closely misses you. x2; The ball python constricts you.
You hit the ball python.
The ball python is severely wounded.
The ball python closely misses you. The ball python bites you.
The ball python constricts you.
You barely miss the ball python.
The ball python is severely wounded.
The ball python barely misses you. x2; The ball python constricts you.
You completely miss the ball python.
The ball python is severely wounded.
The ball python bites you. x2
You die...

P..# #.# P..#
#.# P..# #.#
P..# #.#
...####### #%#
### .........#
#.##..#
####.###.#
#.#...
#.###.######.#S#
#............@S#
#.##############
####.# .....#
###### # # # #


You could see 2 ball pythons.

Vanquished Creatures
  An endoplasm (D:1)
  A hobgoblin (D:1)
  A frilled lizard (D:1)
3 creatures vanquished.

Notes
Turn   | Place    | Note
-------+----------+-------------------------------------------
     0 | D:1      | qw the Ghoul Enchanter began the quest for the Orb.
     0 | D:1      | Reached XP level 1. HP: 14/14 MP: 2/2
     0 | D:1      | 0 ||| qw: Version: 0.1-a-112-g44dc6cd
     0 | D:1      | 0 ||| qw: Game counter: 6676
     0 | D:1      | 0 ||| qw: Always use a shield: true
     0 | D:1      | 0 ||| qw: God list: Okawaru
     0 | D:1      | 0 ||| qw: Allow faded altars: false
     0 | D:1      | 0 ||| qw: Do Orc after D:15 true
     0 | D:1      | 0 ||| qw: Do second Lair branch before Depths: true
     0 | D:1      | 0 ||| qw: Lair rune preference: random
     0 | D:1      | 0 ||| qw: Plans: Normal
     0 | D:1      | 0 ||| PLANNING D:1-11
   286 | D:1      | HP: 3/14 [constriction (1)]
   288 | D:1      | HP: 1/14 [ball python (1)]
   288 | D:1      | Slain by a ball python

Levels and vault maps discovered:
D:1:      evilmike_arrival_home_sweet_home, layout_loops_ring,
          nicolae_ecumenical_snake_handling

Action                   || total
-------------------------++-------
Melee: Dagger            ||    18
Armor: Robe              ||     2
Dodge: Dodged            ||    10

Table legend:
 A = Non-vault XP
 B = Vault XP
 C = Vault XP percentage of total XP
 D = Non-vault monster count
 E = Vault monster count
 F = Vault count percentage of total count
                 A         B        C        D         E       F
            +---------+---------+-------+---------+---------+-------
      Total |       5 |       0 |   0.0 |       3 |       0 |   0.0
            +---------+---------+-------+---------+---------+-------
        D:1 |       5 |       0 |   0.0 |       3 |       0 |   0.0
            +---------+---------+-------+---------+---------+-------
